 Dungeon Crawl Stone Soup version 0.28-a0-48-gfd831c5874 (webtiles) character file.

Game seed: 3421296244363096841

2258 Spectrina the Covert (level 9, -3/49 HPs)
             Began as a Deep Elf Delver on July 29, 2021.
             Was a Priest of Elyvilon.
             Slain by Harold (6 damage)
             ... on level 7 of the Dungeon.
             The game lasted 00:30:38 (3850 turns).

Spectrina the Covert (Deep Elf Delver)              Turns: 3850, Time: 00:30:39

Health: -3/49      AC: 14    Str:  9    XL:     9   Next: 15%
Magic:  17/19      EV: 10    Int: 25    God:    Elyvilon [***...]
Gold:   339        SH:  0    Dex: 16    Spells: 8/8 levels left

rFire   + . .      SeeInvis .   a - +3 dagger (venom)
rCold   + + .      Faith    .   (no shield)
rNeg    . . .      Spirit   .   q - +4 ring mail
rPois   .          Reflect  .   (no helmet)
rElec   .          Harm     .   (no cloak)
rCorr   .          Rampage  .   u - +1 pair of gloves
Will    .....                   y - +2 pair of boots
Stlth   ++++......              (no amulet)
HPRegen 0.16/turn               C - +6 ring of intelligence
MPRegen 0.16/turn               t - ring "Ydwesen" {rF+ rC++}

@: mighty, weak-willed, marked, hasted, very quick
A: no striking features
a: Renounce Religion, Lesser Healing, Heal Other, Purification, Divine
Protection


You were on level 7 of the Dungeon.
You worshipped Elyvilon.
Elyvilon was most pleased with you.
You visited 1 branch of the dungeon, and saw 8 of its levels.

You collected 339 gold pieces.

Inventory:

Hand Weapons
 a - a +3 dagger of venom (weapon)
 b - a +3 whip
 l - a +0 short sword
 D - a +0 shortbow
 K - the +11 lajatang "Acweisiaje" {chaos, rF+ Will- Stlth+}
   (You found it on level 5 of the Dungeon)

   Each time it hits an enemy it has a different, random effect.
   rF:        It protects you from fire.
   Will:      It decreases your willpower.
   Stlth:     It makes you more stealthy.
   Elyvilon disapproves of the use of such an item.
Missiles
 i - 147 stones (quivered)
 j - 50 bolts
 k - 71 arrows
 v - 23 sling bullets
 z - 14 poisoned darts
 J - 3 javelins
Armour
 p - a +0 pair of boots
 q - a +4 ring mail (worn)
 s - a +0 leather armour
 u - a +1 pair of gloves (worn)
 y - a +2 pair of boots (worn)
Magical Staves
 h - a staff of earth
 A - a staff of fire
Jewellery
 t - the ring "Ydwesen" (right hand) {rF+ rC++}
   (You found it on level 7 of the Dungeon)

   [ring of protection from fire]

   rF:        It protects you from fire.
   rC:        It greatly protects you from cold.
 C - a +6 ring of intelligence (left hand)
Wands
 g - a wand of digging (3)
Scrolls
 c - a scroll of fog
 d - a scroll of magic mapping
 m - 3 scrolls of enchant weapon
 o - a scroll of immolation
 w - a scroll of amnesia
 F - a scroll of vulnerability
 I - 2 scrolls of teleportation {unknown}
Potions
 x - a potion of mutation


   Skills:
 - Level 2.4 Fighting
 - Level 2.0 Short Blades
 - Level 2.4 Dodging
 - Level 11.0 Stealth
 + Level 10.6 Invocations


You had 8 spell levels left.
You didn't know any spells.
Your spell library was empty.

Dungeon Overview and Level Annotations

Branches:
Dungeon (8/15)             Temple (0/1) D:7
   Lair: D:8-11

Altars:
Ashenzari
Elyvilon
Fedhas
Gozag
Makhleb
Okawaru

Annotations:
D:4 2 runed translucent doors, siradein's ghost, novice DsIE
D:7 Dowan; Duvessa; Harold; Joseph


Message History

Your kobold dies!
Your kobold's corpse dissolves into shadows!
Your hound is engulfed in a cloud of scalding steam.
Your iguana is engulfed in a cloud of scalding steam.
Your kobold is engulfed in a cloud of scalding steam.
Your kobold dies!
Your kobold's corpse dissolves into shadows!
Unknown command.
Okay, then.
You feel better. The killer bee stings your wyvern.
Your wyvern barely misses the killer bee.
The killer bee is engulfed in a cloud of scalding steam.
The orc hits your hound with a +0 short sword.
Your hound bites the orc.
The killer bee barely misses your wyvern.
Your wyvern closely misses the killer bee.
Harold grumbles, "Just give up already, I want to go home!"
Unknown command.
You are healed.
The killer bee stings your kobold brigand but does no damage.
Your iguana closely misses the killer bee.
The killer bee closely misses your wyvern.
Your kobold brigand hits the killer bee with a +0 short sword.
Your hound bites the orc but does no damage.
The orc closely misses your iguana.
Your wyvern bites the killer bee!
The killer bee dies!
Unknown command.
As you read the scroll labelled QAIXUOMANO, it crumbles to dust.
You hear a loud clanging noise!
It was a scroll of noise.
You hear a shout!
You hear an angry hiss. x2
The killer bee stings your kobold brigand.
Your kobold brigand is poisoned.
The killer bee poisons your kobold brigand!
The killer bee stings your hound.
The orc priest mumbles some strange prayers to Beogh against you.
Beogh smites you!
* * * LOW HITPOINT WARNING * * *
Harold hits you with a +0 scimitar.
You die...

................## #.# #.#.#
....##..y........###..#######)#.#
....##.....)....(##.............#
............)oK..+.........##.###
'#######...o$yl..#............# #
.# #...oy_K..#...$....##..#
.##### #....$hl$.#.....^..##..###
.'...# #.....o[.@#........##...<#
.# #.# #........@#...............
.# #.# #.........#.!.......yyy...
.###'###.........#...............
.......'.#########.###..##.......
.###'###.# #. ###y##....... .#
#.# #.# #. #.yy#####+### .###.#
#.# .#l #....# y# .'...# #.# ..#.
#....# .# .##### #.# ...# #....#
.#


You could see Harold (very poisoned, weak-willed), 2 killer bees, an orc priest,
3 orcs, a friendly wyvern (summoned), a friendly kobold brigand (summoned, very
poisoned), a friendly iguana (summoned), a friendly hound (summoned) and a
friendly kobold (summoned).

Vanquished Creatures
  A cyclops (D:7)
  2 water moccasins
  An ice beast (D:6)
  A necrophage (D:5)
  An orc warrior (D:7)
  2 ogres (D:6)
  A centaur (D:5)
  A bullfrog (D:6)
  4 scorpions
  A killer bee (D:6)
  A howler monkey (D:6)
  3 bullfrog zombies
  2 orc priests
  2 jellies (D:4)
  A centaur skeleton (D:6)
  3 bullfrog skeletons
  An iguana (D:4)
  2 orc wizards
  2 hound skeletons
  A howler monkey skeleton (D:6)
  An adder (D:6)
  4 gnolls (D:5)
  A white imp (D:6)
  3 worms
  An adder skeleton (D:5)
  3 dart slugs
  16 orcs
  6 endoplasms
  2 giant cockroaches
  8 hobgoblins
  10 jackals
  5 kobolds
  4 quokkas
  5 ball pythons
  3 bats
  3 frilled lizards (D:2)
  4 goblins
  A quokka skeleton (D:4)
  2 rats
115 creatures vanquished.

Vanquished Creatures (collateral kills)
  A steam dragon (D:7)
  A killer bee (D:7)
2 creatures vanquished.

Vanquished Creatures (others)
  A howler monkey (D:5)
1 creature vanquished.

Grand Total: 118 creatures vanquished

Notes
Turn   | Place    | Note
-------+----------+-------------------------------------------
     0 | D:5      | Spectrina the Deep Elf Delver began the quest for the Orb.
     0 | D:5      | Reached XP level 1. HP: 13/13 MP: 3/3
    20 | D:6      | Noticed a howler monkey
    20 | D:6      | Noticed a bullfrog
    35 | D:5      | Noticed a necrophage
   149 | D:5      | Noticed a jelly
   175 | D:3      | Noticed an orc priest
   272 | D:1      | Reached XP level 2. HP: 3/18 MP: 4/4
   470 | D:1      | Reached skill level 7 in Stealth
   489 | D:1      | Found a faded altar of an unknown god.
   497 | D:1      | Became a worshipper of Elyvilon the Healer
   497 | D:1      | Reached * piety under Elyvilon
   742 | D:1      | Reached XP level 3. HP: 22/22 MP: 5/5
   868 | D:3      | Reached skill level 1 in Invocations
   974 | D:4      | Found a blossoming altar of Fedhas.
   975 | D:4      | Found a burning altar of Makhleb.
   976 | D:4      | Found an iron altar of Okawaru.
   976 | D:4      | Found a broken altar of Ashenzari.
  1054 | D:4      | Noticed a scorpion
  1180 | D:4      | Reached XP level 4. HP: 27/27 MP: 7/7
  1191 | D:4      | Found a runed translucent door.
  1191 | D:4      | Noticed siradein's ghost (novice DsIE)
  1244 | D:3      | Reached ** piety under Elyvilon
  1665 | D:4      | Reached skill level 8 in Stealth
  1665 | D:4      | Reached XP level 5. HP: 31/31 MP: 9/9
  1665 | D:4      | Found a runed translucent door.
  1739 | D:5      | Killed a necrophage
  1787 | D:4      | Reached XP level 6. HP: 10/36 MP: 9/11
  1976 | D:5      | Reached skill level 9 in Stealth
  2365 | D:5      | Reached skill level 5 in Invocations
  2370 | D:5      | Reached XP level 7. HP: 28/40 MP: 9/12
  2581 | D:7      | Identified the ring "Ydwesen" {rF+ rC++}
  2584 | D:7      | Upgraded the game from 0.28-a0-43-g560ac104fe to
                  | 0.28-a0-46-g7b1be97da7
  2594 | D:7      | Reached skill level 10 in Stealth
  2648 | D:7      | Found an opulent altar of Gozag.
  2672 | D:7      | Noticed Joseph
  2687 | D:7      | Noticed a steam dragon
  2698 | D:7      | Noticed Dowan
  2701 | D:7      | Noticed Duvessa
  2757 | D:8      | Noticed a troll
  2856 | D:7      | Reached *** piety under Elyvilon
  2866 | D:7      | Found a staircase to the Ecumenical Temple.
  2946 | D:7      | Noticed a cyclops
  2962 | D:7      | Killed a cyclops
  2963 | D:7      | Reached skill level 11 in Stealth
  2963 | D:7      | Reached XP level 8. HP: 45/45 MP: 13/15
  3125 | D:7      | Noticed Harold
  3561 | D:6      | Reached skill level 10 in Invocations
  3606 | D:6      | Reached XP level 9. HP: 13/49 MP: 18/18
  3610 | D:6      | Upgraded the game from 0.28-a0-46-g7b1be97da7 to
                  | 0.28-a0-48-gfd831c5874
  3729 | D:5      | Identified the +11 lajatang "Acweisiaje" {chaos, rF+ Will-
                  | Stlth+}
  3841 | D:7      | HP: 2/49 [Harold (8)]
  3845 | D:7      | Elyvilon protects you from harm!
  3850 | D:7      | Slain by Harold

Illustrated notes

Levels and vault maps discovered:
D:1:      lemuel_arrival_muddy, layout_loops_ring, basic_ecumenical_altar
D:2:      layout_loops_corners
D:3:      layout_basic
D:4:      layout_loops_cross, mainiacjoe_overflow_alcove_3,
          ebering_ghost_sewer_f
D:5:      layout_loops_ring
D:6:      layout_rooms, st_stairs_12, patterned_corridor
D:7:      layout_basic, nicolae_gozag_seed_capital, temple_doors_ab,
          serial_corexii_hall, chequers_hall_statues_corner_a,
          chequers_hall_statues_y, minmay_door_square, uniq_joseph, uniq_harold,
          uniq_duvessa
D:8:      layout_loops_ring, erik_lair_island

Skill      XL: |  1  2  3  4  5  6  7  8 |
---------------+-------------------------+-----
Stealth        | 7 8 9 11 | 11.0
Invocations    | 2 3 4 5 7 10 | 10.6
Fighting       | |  2.4
Short Blades   | |  2.0
Dodging        | |  2.4

Action                   |  1- 3 |  4- 6 |  7- 9 || total
-------------------------+-------+-------+-------++-------
Melee: Dagger            |    87 |   135 |   126 ||   348
       Whip              |       |    29 |    75 ||   104
Throw: Stone             |       |     6 |     3 ||     9
Invok: Heal Other        |       |     1 |       ||     1
       Lesser Healing    |       |       |     3 ||     3
Evoke: Wand              |       |       |    11 ||    11
  Use: Scroll            |     1 |       |    13 ||    14
       Potion            |     1 |     1 |     6 ||     8
 Stab: Sleeping          |    12 |    13 |     9 ||    34
Armor: Ring mail         |    13 |    84 |   127 ||   224
       Leather armour    |     2 |       |       ||     2
Dodge: Dodged            |    40 |    67 |   100 ||   207

Table legend: (Time is in decaauts)
 A = Elapsed time spent in this place.
 B = Non-inter-level travel time spent in this place.
 C = Inter-level travel time spent in this place.
 D = Time resting spent in this place.
 E = Time spent auto-exploring this place.
 F = Levels seen in this place.
 G = Mean time per level.
                   A        B        C        D        E       F      G
               +--------+--------+--------+--------+--------+-----+--------+
         Total |   3819 |   3680 |    139 |      0 |      0 |   8 |  477.4 |
       Dungeon |   3819 |   3680 |    139 |      0 |      0 |   8 |  477.4 |
               +--------+--------+--------+--------+--------+-----+--------+

Top non-repeatable levels by time:
     D:6: 761 daAuts
     D:5: 738 daAuts
     D:4: 640 daAuts
     D:1: 519 daAuts
     D:7: 454 daAuts
     D:2: 353 daAuts
     D:3: 283 daAuts
     D:8: 67 daAuts
